 Dungeon Crawl Stone Soup version 0.25-a0-528-g6b7c99946c (webtiles) character file.

Game seed: 937906690270428930, levelgen mode: deterministic

62 Yawn the Cudgeler (level 3, -3/31 HPs)
             Began as a Minotaur Gladiator on Feb 19, 2020.
             Killed from afar by Sigmund (9 damage)
             ... with a puff of flame
             ... on level 2 of the Dungeon.
             The game lasted 00:17:07 (1363 turns).

Yawn the Cudgeler (Minotaur Gladiator)              Turns: 1363, Time: 00:17:08

Health: -3/31      AC:  6    Str: 19    XL:     3   Next: 85%
Magic:  2/2        EV: 11    Int:  5    God:
Gold:   110        SH:  0    Dex: 11    Spells: 2/2 levels left

rFire    . . .     SeeInvis .   a - +0 flail
rCold    . . .     Gourm    .   (no shield)
rNeg     . . .     Faith    .   e - +0 scale mail
rPois    .         Spirit   .   c - +0 hat
rElec    .         Reflect  .   (no cloak)
rCorr    .         Harm     .   (no gloves)
MR       .....                  (no boots)
Stlth    ..........             (no amulet)
HPRegen  0.10/turn              (no ring)
MPRegen  0.08/turn              (no ring)

@: no status effects
A: retaliatory headbutt, horns 2
a: no special abilities


You were on level 2 of the Dungeon.
You were not hungry.

You visited 1 branch of the dungeon, and saw 2 of its levels.

You collected 110 gold pieces.

Inventory:

Hand Weapons
 a - a +0 flail (weapon)
 d - a +0 club
 h - a +0 dagger
 l - a +0 short sword
 m - a +0 club
 n - a +0 club
 o - a +0 hunting sling
 p - a +0 club
 q - a +0 club
 s - a +0 spear
Missiles
 i - 87 stones (quivered)
 k - 18 poisoned darts
Armour
 b - a +0 leather armour
 c - a +0 hat (worn)
 e - a +0 scale mail (worn)
 g - a +0 leather armour
 r - a +0 robe
 t - a +0 leather armour
 u - a +0 leather armour
Scrolls
 v - a scroll of fog {unknown}
Comestibles
 f - 4 rations


   Skills:
 + Level 3.0 Fighting
 + Level 4.5 Maces & Flails
 + Level 2.3 Throwing
 + Level 1.3 Armour
 + Level 3.7 Dodging


You had 2 spell levels left.
You didn't know any spells.
Your spell library was empty.

Dungeon Overview and Level Annotations

Branches:
Dungeon (2/15)

Altars:

Annotations:
D:2 Sigmund


Innate Abilities, Weirdness & Mutations

You reflexively headbutt those who attack you in melee.
You have a pair of horns on your head.


Message History

You hear some strange, mumbled words.
A puff of flame appears from out of thin air!
The puff of flame hits you!
* * * LOW HITPOINT WARNING * * *
Things that are here:
a cursed +0 short sword; a kobold corpse You miss something.
Your headbutt misses something.
You hear some strange, mumbled words.
A puff of flame appears from out of thin air!
The puff of flame misses you.
You miss something. Something hits you but does no damage.
You sock something! Something hits you but does no damage.
You barely miss something. You headbutt something. Something hits you.
* * * LOW HITPOINT WARNING * * *
You hit something. Your headbutt misses something.
You completely miss something.
You hear some strange, mumbled words.
A puff of flame appears from out of thin air!
The puff of flame hits you!
You die...

##... .....#...# #.#..
.((...### #
#...###........ .
#....#......# #
#...........#
#...........###### #
####.†........... #
########{####..##.. #
#.>....@.# #..#.#
#.######## #...# .# #.#
####..## #.# #.# #.....#
#.. ##.## #.##..# #.#
#...#######.##.#.# #...
#.#..........##.##.###.##.
##.#.#########...##...###.
##.## #............


There were no monsters in sight!

Vanquished Creatures
  An ooze (D:2)
  3 dart slugs (D:1)
  3 leopard geckos
  6 bats
  2 giant cockroaches
  5 goblins
  6 hobgoblins
  5 kobolds
  5 frilled lizards
  12 rats
48 creatures vanquished.

Notes
Turn   | Place    | Note
-------+----------+-------------------------------------------
     0 | D:1      | Yawn the Minotaur Gladiator began the quest for the Orb.
     0 | D:1      | Reached XP level 1. HP: 18/18 MP: 0/0
   174 | D:1      | Reached XP level 2. HP: 23/25 MP: 1/1
   421 | D:1      | Reached skill level 4 in Maces & Flails
   539 | D:1      | Reached XP level 3. HP: 27/30 MP: 2/2
  1180 | D:2      | Reached skill level 1 in Armour
  1338 | D:2      | Noticed Sigmund
  1363 | D:2      | Killed from afar by Sigmund

Levels and vault maps discovered:
D:1:      minmay_arrival_loop, layout_loops_cross, chequers_garden,
          minmay_misc_feat_x, minmay_tripent
D:2:      layout_loops_ring, first_ration, minmay_pentomino_v2,
          uniq_crazy_yiuf_cottage, uniq_robin, uniq_sigmund, uniq_jessica

Skill      XL: |  1  2  3 |
---------------+----------+-----
Maces & Flails | 4 |  4.5
Armour         | 1 |  1.3
Fighting       | 3 |  3.0
Throwing       | |  2.3
Dodging        | |  3.7

Action                   || total
-------------------------++-------
Melee: Flail             ||    96
       Headbutt          ||    14
Throw: Throwing net      ||     7
       Stone             ||    24
       Dart              ||     4
  Use: Scroll            ||     4
       Potion            ||     2
  Eat: Ration            ||     1
Armor: Scale mail        ||    45
Dodge: Dodged            ||    48

Table legend:
 A = Non-vault XP
 B = Vault XP
 C = Vault XP percentage of total XP
 D = Non-vault monster count
 E = Vault monster count
 F = Vault count percentage of total count
                 A         B        C        D         E       F
            +---------+---------+-------+---------+---------+-------
      Total |      85 |       4 |   4.5 |      45 |       3 |   6.2
            +---------+---------+-------+---------+---------+-------
        D:1 |      58 |       3 |   4.9 |      32 |       2 |   5.9
        D:2 |      27 |       1 |   3.6 |      13 |       1 |   7.1
            +---------+---------+-------+---------+---------+-------
